 Dungeon Crawl Stone Soup version 0.23.2-1-ga50397a6bc (webtiles) character file.

Game seed: 16914832914300610845

10640 Ordine the Slicer (level 11, -8/63 HPs)
             Began as a Deep Elf Wizard on May 8, 2019.
             Was an Elder of Vehumet.
             Mangled by a troll (13 damage)
             ... on level 10 of the Dungeon on May 13, 2019.
             The game lasted 01:07:26 (12761 turns).

Ordine the Slicer (Deep Elf Wizard)                Turns: 12761, Time: 01:07:27

Health: -8/63      AC:  4    Str:  4    XL:     11   Next: 38%
Magic:  12/24      EV: 15    Int: 29    God:    Vehumet [****..]
Gold:   468        SH:  5    Dex: 13    Spells: 11/25 levels left

rFire    . . .     SeeInvis .   A - +1 short sword (venom)
rCold    . . .     Gourm    .   (no shield)
rNeg     . . .     Faith    .   s - +0 robe {Archmagi}
rPois    .         Spirit   .   b - +0 hat
rElec    .         Reflect  +   t - +0 cloak
rCorr    .         Harm     .   i - +0 pair of gloves
MR       +....                  (no boots)
Stlth    +++.......             e - +5 amulet of reflection
HPRegen  0.20/turn              G - ring of Appoituu {Int+2 Stlth+}
MPRegen  0.19/turn              k - +5 ring of slaying

@: no status effects
A: no striking features
a: Renounce Religion


You were on level 10 of the Dungeon.
You worshipped Vehumet.
Vehumet was greatly pleased with you.
You were not hungry.

You visited 2 branches of the dungeon, and saw 11 of its levels.
You also visited: Ossuary.

You collected 468 gold pieces.

Inventory:

Hand Weapons
 y - a +0 dagger of protection
 A - a +1 short sword of venom (weapon)
Armour
 b - a +0 hat (worn)
 f - a +1 robe of cold resistance
 i - a +0 pair of gloves (worn)
 s - a +0 robe of the Archmagi (worn)
 t - a +0 cloak (worn)
 H - +0 steam dragon scales
 K - a +0 robe of magic resistance
Magical Staves
 I - an uncursed staff of fire
Jewellery
 c - a +1 ring of slaying
 e - a +5 amulet of reflection (around neck)
 k - a +5 ring of slaying (right hand)
 m - an uncursed ring of flight
 G - the ring of Appoituu (left hand) {Int+2 Stlth+}
   (You found it on level 8 of the Dungeon)

   [ring of stealth]

   It affects your intelligence (+2).
   It makes you more stealthy.
Wands
 l - a wand of flame (10)
 B - a wand of scattershot (7)
 D - a wand of iceblast (8)
 J - a wand of random effects (27)
Scrolls
 g - 6 scrolls of remove curse
 h - 2 scrolls of magic mapping
 j - a scroll of blinking
 p - 3 scrolls of teleportation
 r - 5 scrolls of enchant weapon
 u - 2 scrolls of enchant armour
Potions
 a - a potion of haste
 n - 3 potions of brilliance
 o - a potion of resistance
 q - 5 potions of curing
 v - 8 potions of might
 w - 2 potions of mutation
 x - 2 potions of berserk rage
 z - 2 potions of lignification
 C - 2 potions of cancellation {unknown}
 E - 2 potions of agility
 F - a potion of flight {unknown}
Comestibles
 d - 25 rations
 L - a chunk of flesh


   Skills:
 - Level 5.0 Fighting
 - Level 8.0 Short Blades
 - Level 2.0 Armour
 + Level 5.7 Dodging
 - Level 3.0 Stealth
 * Level 7.7 Spellcasting
 + Level 7.8 Conjurations
   Level 1.1 Summonings
 - Level 3.0 Translocations
 + Level 6.7 Fire Magic
 + Level 6.2 Air Magic
 + Level 1.5 Earth Magic
 - Level 3.0 Poison Magic
 + Level 4.9 Evocations


You had 11 spell levels left.
You knew the following spells:

 Your Spells              Type           Power        Failure   Level  Hunger
a - Magic Dart            Conj           ####         1%          1    None
b - Blink                 Tloc           N/A          1%          2    None
c - Conjure Flame         Conj/Fire      ######..     1%          3    None
d - Mephitic Cloud        Conj/Pois/Air  ######..     1%          3    None
e - Bolt of Magma         Conj/Fire/Erth ######....   4%          5    ####...

Your spell library contained the following spells:

 Spells                   Type           Power        Failure   Level  Hunger
 Summon Small Mammal      Summ           ####         3%          1    None
 Call Imp                 Summ           ####....     4%          2    None
 Slow                     Hex            ###.....     7%          2    None
 Call Canine Familiar     Summ           ####....     9%          3    None
 Summon Lightning Spire   Summ/Air       #####...     11%         4    ##.....
 Summon Guardian Golem    Hex/Summ       ###.....     12%         3    None
 Summon Ice Beast         Ice/Summ       ###.....     36%         4    ##.....


Dungeon Overview and Level Annotations

Branches:
Dungeon (10/15)            Temple (1/1) D:4            Lair (0/6) D:9
    Orc: D:9-12

Altars:
Ashenzari
Cheibriados
Dithmenos
Elyvilon
Fedhas
Gozag
Hepliaklqana
Kikubaaqudgha
Makhleb
Nemelex Xobeh
Okawaru
Qazlal
Ru
Sif Muna
Trog
Uskayaw
Vehumet
Wu Jian
Xom
Yredelemnul
Zin
The Shining One

Shops:
D:4 =   D:5 :

Annotations:
D:8 2 runed translucent doors


Message History

Aim: a troll (noxious fumes, severely wounded, poisoned, confused)
You feel a surge of power!
The magic dart hits the troll but does no damage.
The troll is severely wounded.
The troll is engulfed in noxious fumes.
The troll appears confused.
The troll wonders, "What am I doing in here?"
Casting: Magic Dart (safe; 1% risk of failure)
Confirm with . or Enter, or press ? or * to list all spells.
Aiming: Magic Dart (safe; 1% risk of failure)
Press: ? - help, Shift-Dir - straight line, f/p - troll
Aim: a troll (severely wounded, poisoned, confused)
You feel a surge of power!
The magic dart hits the troll but does no damage.
The troll is severely wounded.
The troll bites you!
* * * LOW HITPOINT WARNING * * *
The troll claws you!
* * * LOW HITPOINT WARNING * * *
The troll claws you!
You die...

############
#..........#
####
#..........#
...#
###..........#
...#
.'......@...#
..#
#...○§§T...#
..#
#...☼§§....#
..#
#..(○§☼....#
..#
###'########
###+# ##.# .#
##..# ###.#
#..## ....#
###'#######


You could see a troll (confused).

Vanquished Creatures
  A hydra (D:9)
  Erica (D:10)
  A two-headed ogre (D:10)
  Pikel (D:8)
  2 ugly things (D:8)
  Joseph (D:8)
  A troll (D:10)
  2 dream sheep (D:9)
  2 slime creatures (D:8)
  Sigmund (D:4)
  A wraith (D:10)
  2 yaks (D:9)
  2 steam dragons
  Duvessa (D:5)
  A water moccasin (D:9)
  2 ice beasts
  A sky beast (D:8)
  3 phantoms
  2 orc warriors
  2 ogres
  8 centaurs
  A crocodile (D:7)
  Blork the orc (D:4)
  7 big kobolds
  9 bullfrogs
  A wyvern zombie (D:8)
  Dowan (D:5)
  A wyvern skeleton (D:7)
  2 water moccasin zombies (Ossuary)
  4 scorpions
  A killer bee (D:8)
  5 crimson imps
  A centaur zombie (D:5)
  7 hounds
  6 jellies
  A centaur skeleton (D:8)
  5 orc priests
  Crazy Yiuf (D:2)
  A bullfrog skeleton (D:7)
  14 orc wizards
  A gnoll shaman (D:4)
  2 iguanas
  12 worker ants
  2 big kobold zombies (Ossuary)
  A hound skeleton (D:5)
  2 mummies (Ossuary)
  A worker ant zombie (D:9)
  3 gnolls (D:4)
  12 adders
  2 river rats (D:4)
  A shadow imp (D:6)
  3 adder skeletons
  5 adder zombies
  4 worms
  3 dart slugs
  8 leopard geckos
  32 orcs
  2 ball pythons
  7 giant cockroaches
  3 gnoll zombies (Ossuary)
  5 goblins
  7 hobgoblins
  7 jackals
  23 kobolds
  4 quokkas
  6 bats
  4 frilled lizards
  4 hobgoblin zombies (Ossuary)
  4 kobold zombies (Ossuary)
  3 leopard gecko skeletons
  A leopard gecko zombie (D:7)
  6 orc zombies (Ossuary)
  A quokka skeleton (D:9)
  23 rats
311 creatures vanquished.

Vanquished Creatures (others)
  An ogre (D:8)
1 creature vanquished.

Grand Total: 312 creatures vanquished

Notes
Turn   | Place    | Note
-------+----------+-------------------------------------------
     0 | D:1      | Ordine the Deep Elf Wizard began the quest for the Orb.
     0 | D:1      | Reached XP level 1. HP: 10/10 MP: 7/7
   178 | D:1      | Reached XP level 2. HP: 10/15 MP: 5/9
   215 | D:1      | Learned a level 2 spell: Blink
   638 | D:1      | Reached XP level 3. HP: 15/19 MP: 0/11
   743 | D:1      | Learned a level 3 spell: Conjure Flame
   747 | D:1      | Learned a level 3 spell: Mephitic Cloud
  1515 | D:2      | Found a runed translucent door.
  1516 | D:2      | Noticed Crazy Yiuf
  1640 | D:2      | Found a snail-covered altar of Cheibriados.
  1725 | D:2      | Reached skill level 5 in Spellcasting
  1994 | D:2      | Killed Crazy Yiuf
  1994 | D:2      | Reached XP level 4. HP: 6/24 MP: 5/13
  2267 | D:3      | Reached skill level 1 in Fire Magic
  2267 | D:3      | Reached skill level 1 in Poison Magic
  2399 | D:3      | Reached XP level 5. HP: 23/28 MP: 9/14
  2792 | D:3      | Found a sparkling altar of Nemelex Xobeh.
  2871 | D:3      | Found a sacrificial altar of Ru.
  3069 | D:4      | Found a staircase to the Ecumenical Temple.
  3096 | D:4      | Reached skill level 1 in Air Magic
  3277 | D:4      | Reached XP level 6. HP: 29/32 MP: 0/16
  3292 | D:4      | Noticed Sigmund
  3347 | D:4      | Killed Sigmund
  3634 | D:4      | Reached XP level 7. HP: 25/36 MP: 0/17
  3685 | Temple   | Entered the Ecumenical Temple
  3689 | D:4      | Noticed Blork the orc
  3701 | D:4      | Killed Blork the orc
  3701 | D:4      | Reached skill level 1 in Short Blades
  3977 | D:4      | Found Locyimank's Jewellery Shop.
  4242 | D:5      | Entered Level 5 of the Dungeon
  4302 | D:5      | Found a shimmering altar of Xom.
  4330 | D:5      | Found a glowing golden altar of the Shining One.
  4330 | D:5      | Found a radiant altar of Vehumet.
  4332 | D:5      | Found a burning altar of Makhleb.
  4332 | D:5      | Found a bloodstained altar of Trog.
  4338 | D:5      | Became a worshipper of Vehumet
  4454 | D:5      | Reached skill level 5 in Conjurations
  4585 | D:5      | Found a hide-covered altar of Uskayaw.
  4600 | D:5      | Found Roejy's Book Shoppe.
  4654 | D:5      | Reached skill level 2 in Short Blades
  4828 | D:5      | Noticed Duvessa
  4830 | D:5      | Noticed Dowan
  4842 | D:5      | Killed Duvessa
  4842 | D:5      | Reached XP level 8. HP: 38/42 MP: 12/19
  4849 | D:5      | Killed Dowan
  4849 | D:5      | Reached skill level 1 in Fighting
  4849 | D:5      | Reached skill level 1 in Armour
  5542 | D:6      | Reached skill level 3 in Short Blades
  5630 | D:6      | Reached * piety under Vehumet
  5630 | D:6      | Offered knowledge of Flame Tongue by Vehumet.
  5900 | D:6      | Reached skill level 4 in Short Blades
  6110 | D:6      | Found a white marble altar of Elyvilon.
  6533 | D:6      | Found a basalt altar of Yredelemnul.
  6658 | D:6      | Reached XP level 9. HP: 32/49 MP: 14/21
  6946 | D:6      | Reached skill level 5 in Dodging
  7035 | D:7      | Reached skill level 5 in Short Blades
  7219 | D:7      | Identified the +1 ring mail "Wosobapn" {rN+}
  7407 | D:7      | Found an ornate altar of the Wu Jian Council.
  7431 | D:7      | Reached ** piety under Vehumet
  7511 | D:7      | Offered knowledge of Throw Flame by Vehumet.
  7666 | D:6      | Reached skill level 1 in Evocations
  7845 | D:7      | Found a blossoming altar of Fedhas.
  7847 | D:7      | Found an ancient bone altar of Kikubaaqudgha.
  7937 | D:7      | Reached skill level 6 in Short Blades
  8196 | D:8      | Found a sand-covered staircase.
  8202 | D:8      | Offered knowledge of Throw Frost by Vehumet.
  8211 | Ossuary  | Entered an ossuary
  8473 | Ossuary  | Reached *** piety under Vehumet
  8923 | D:8      | Noticed Pikel
  8974 | D:8      | Killed Pikel
  8974 | D:8      | Reached skill level 5 in Fire Magic
  8974 | D:8      | Reached XP level 10. HP: 50/56 MP: 14/22
  9229 | D:8      | Found a large runed translucent door.
  9229 | D:8      | Found a large runed translucent door.
  9285 | D:8      | Noticed a brown ugly thing
  9292 | D:8      | Killed a brown ugly thing
  9545 | D:8      | Noticed a purple ugly thing
  9556 | D:8      | Found a large runed translucent door.
  9556 | D:8      | Found a large runed translucent door.
  9586 | D:8      | Killed a purple ugly thing
  9586 | D:8      | Reached skill level 7 in Short Blades
  9586 | D:8      | Reached skill level 5 in Air Magic
  9772 | D:8      | Got a warped steel ring
  9774 | D:8      | Identified the ring of Appoituu {Int+2 Stlth+} (You found
                  | it on level 8 of the Dungeon)
  9906 | D:8      | Noticed Joseph
  9916 | D:8      | Killed Joseph
 10396 | D:8      | Offered knowledge of Static Discharge by Vehumet.
 11378 | D:9      | Reached skill level 8 in Short Blades
 11482 | D:9      | Noticed a two-headed hydra
 11490 | D:9      | Killed a two-headed hydra
 11490 | D:9      | Reached XP level 11. HP: 49/62 MP: 18/23
 11494 | D:9      | Reached **** piety under Vehumet
 11650 | D:9      | Found a staircase to the Lair.
 11785 | D:9      | Offered knowledge of Bolt of Magma by Vehumet.
 11805 | D:9      | Learned a level 5 spell: Bolt of Magma
 12112 | D:10     | Entered Level 10 of the Dungeon
 12187 | D:10     | Noticed a two-headed ogre
 12253 | D:10     | Killed a two-headed ogre
 12419 | D:10     | Reached skill level 1 in Earth Magic
 12585 | D:10     | Noticed Erica
 12602 | D:10     | Killed Erica
 12602 | D:10     | Reached skill level 5 in Fighting
 12761 | D:10     | Mangled by a troll

Skill      XL: |  1  2  3  4  5  6  7  8  9 10 11 |
---------------+----------------------------------+-----
Conjurations   | 2 3 4 5 6 7 |  7.8
Stealth        | 3 |  3.0
Spellcasting   | 5 6 7 |  7.7
Dodging        | 3 4 5 |  5.7
Fire Magic     | 1 2 3 5 6 |  6.7
Poison Magic   | 1 2 3 |  3.0
Translocations | 2 3 |  3.0
Air Magic      | 1 2 3 4 5 6 |  6.2
Short Blades   | 2 4 6 8 |  8.0
Fighting       | 2 3 4 5 |  5.0
Armour         | 2 |  2.0
Evocations     | 2 4 |  4.9
Earth Magic    | 1 |  1.5
Summonings     | |  1.1

Action                   |  1- 3 |  4- 6 |  7- 9 | 10-12 || total
-------------------------+-------+-------+-------+-------++-------
Melee: Dagger            |    14 |    55 |    68 |       ||   137
       Short sword       |       |       |    61 |   107 ||   168
 Cast: Magic Dart        |   106 |   111 |   407 |   245 ||   869
       Mephitic Cloud    |     1 |     8 |    33 |    23 ||    65
       Blink             |     1 |     1 |     8 |    11 ||    21
       Conjure Flame     |       |       |    19 |    20 ||    39
       Bolt of Magma     |       |       |       |     3 ||     3
  Use: Scroll            |     4 |     8 |     8 |     4 ||    24
       Potion            |       |     1 |     1 |     1 ||     3
 Stab: Confused          |       |     5 |     7 |     6 ||    18
  Eat: Chunk             |     3 |     5 |    16 |     6 ||    30
       Ration            |       |       |       |     2 ||     2
Armor: Robe              |     6 |     6 |    38 |    14 ||    64
Dodge: Dodged            |     4 |    31 |   120 |    87 ||   242
Block: Other             |     2 |    16 |    38 |    20 ||    76
       Reflection        |       |       |       |     5 ||     5
